Map: Pillars of Gold LE

Players

DRG

  • Race: Zerg Zerg
  • Spawn Location: 7:00

Dolan - Winner!

  • Race: Terran Terran
  • League: Grandmaster
  • Spawn Location: 1:00

VOD

Have the link to the VOD?

Description

Time

  • Played on: Oct. 26, 2020, 8:12 p.m.
  • Length: 10:04
Show
View Real Time Build Order
Export as new Build Order

DRG Zerg 

Build Orders: Hatch First 

Get SALT Encoding   

  12  0:00  Drone  
  13  0:12  Overlord  
  13  0:17  Drone  
  14  0:30  Drone  
  14  0:31  Drone  
  16  0:50  Hatchery  
  16  0:53  Drone  
  16  0:57  Drone  
  17  1:00  Drone  
  18  1:16  Spawning Pool  
  17  1:20  Drone  
  17  1:24  Drone  
  19  1:31  Drone  
  20  1:40  Overlord  
  20  2:00  Extractor  
  19  2:02  Zergling x6  
  19  2:06  Queen  
  23  2:12  Zergling x2  
  23  2:14  Zergling x2  
  25  2:20  Queen  
  27  2:27  Zergling x4  
  29  2:34  Zergling x4  
  31  2:44  Queen  
  33  2:52  Overlord  
  33  2:55  Drone  
  34  2:58  Drone  
  34  3:03  Drone  
  36  3:08  Overlord  
  36  3:17  Metabolic Boost  
  36  3:19  Drone  
  36  3:21  Drone  
  36  3:24  Drone  
  38  3:27  Drone  
  38  3:30  Drone  
  38  3:32  Drone  
  41  3:35  Drone  
  41  3:38  Drone  
  41  3:40  Drone  
  44  3:42  Drone  
  45  3:52  Drone x2  
  47  4:00  Hatchery  
  46  4:05  Queen  
  46  4:09  Overlord  
  48  4:13  Drone x2  
  48  4:16  Drone x2  
  52  4:20  Baneling Nest  
  51  4:26  Drone  
  51  4:29  Drone x2  
  51  4:30  Drone x3  
  57  4:36  Queen  
  59  4:40  Overlord  
  59  4:46  Drone  
  59  4:51  Overlord  
  60  4:55  Extractor, Overlord  
  60  4:57  Queen  
  61  5:00  Zergling x4  
  61  5:05  Drone x5  
  67  5:16  Drone x3  
  67  5:17  Drone x3  
  73  5:22  Drone  
  73  5:29  Drone  
  73  5:30  Drone  
  73  5:31  Drone  
  73  5:34  Lair, Spore Crawler  
  75  5:35  Spore Crawler  
  75  5:37  Spore Crawler  
  75  5:38  Drone x3  
  75  5:40  Drone  
  75  5:41  Drone  
  78  5:45  Drone x2  
  78  5:47  Drone x2  
  82  5:50  Drone x2  
  82  5:53  Extractor  
  82  5:56  Overlord  
  83  6:00  Drone x2  
  83  6:03  Extractor  
  83  6:07  Zergling x4  
  83  6:09  Drone x4  
  83  6:10  Overlord  
  89  6:11  Spine Crawler  
  89  6:13  Baneling x4  
  89  6:14  Extractor, Baneling x6  
  89  6:15  Baneling x2  
  89  6:16  Extractor  
  86  6:20  Zergling x8  
  86  6:23  Zergling x2  
  86  6:24  Zergling x2  
  92  6:25  Queen  
  94  6:33  Zergling x6  
  94  6:45  Pneumatized Carapace  
  88  6:48  Zergling x14  
  88  6:50  Queen  
  88  6:52  Drone  
  88  6:53  Drone  
  90  6:54  Spire  
  90  6:57  Drone x3  
  90  7:01  Queen, Baneling x3  
  91  7:03  Drone x3  
  91  7:07  Drone x3  
  99  7:08  Overlord  
  99  7:12  Baneling x2  
  99  7:16  Overlord x2  
  99  7:23  Overlord  
  99  7:28  Overlord x2  
  99  7:30  Queen  
  99  7:32  Queen  
  103  7:38  Queen  
  101  8:06  Queen  
  101  8:07  Queen  
  99  8:13  Zergling x12  
  99  8:14  Queen  
  91  8:29  Spire, Spore Crawler  
  91  8:30  Spore Crawler x2  
  91  8:31  Zergling x2  
  91  8:32  Zergling x8, Spore Crawler x2  
  91  8:33  Spore Crawler  
  84  8:35  Zergling x10  
  86  8:42  Zergling x4, Queen  
  86  8:43  Zergling x4, Queen  
  92  8:50  Queen  
  85  8:56  Spore Crawler  
  85  8:57  Spore Crawler  
  85  8:59  Spore Crawler  
  73  9:06  Drone x6  
  73  9:08  Drone  
  80  9:15  Drone x3  
  83  9:17  Queen  
  83  9:19  Queen  
  87  9:25  Queen  
  87  9:31  Spore Crawler  
  77  9:32  Spore Crawler  
  77  9:34  Zergling x12  
  81  9:42  Zergling x8  
Show
View Real Time Build Order
Export as new Build Order

Dolan Terran - Winner!

Build Orders:  

Get SALT Encoding   

  12  0:00  SCV  
  13  0:12  SCV  
  14  0:17  Supply Depot  
  14  0:24  SCV  
  15  0:39  Barracks  
  15  0:52  Barracks  
  15  0:57  SCV  
  16  1:09  SCV  
  16  1:10  Refinery  
  17  1:21  SCV  
  18  1:29  Marine  
  19  1:35  Orbital Command  
  19  1:41  Marine  
  20  1:47  Marine  
  21  1:54  Supply Depot  
  21  1:58  Marine  
  21  2:02  SCV  
  21  2:06  Marine  
  23  2:16  SCV  
  23  2:20  Factory  
  23  2:22  Marine  
  24  2:28  SCV  
  26  2:31  Marine  
  27  2:40  SCV  
  28  2:51  Command Center  
  28  2:53  SCV  
  29  3:02  Refinery  
  29  3:05  Factory Reactor  
  27  3:22  Starport  
  27  3:24  SCV  
  27  3:26  Supply Depot  
  28  3:36  SCV  
  29  3:45  Hellion  
  29  3:48  Hellion, SCV  
  34  3:59  Medivac  
  34  4:01  SCV  
  37  4:04  Fusion Core  
  37  4:06  Orbital Command  
  37  4:18  Hellion x2  
  37  4:21  SCV  
  42  4:25  Supply Depot  
  42  4:27  Orbital Command  
  42  4:30  Starport Tech Lab  
  42  4:33  SCV  
  43  4:39  Hellion x2  
  47  4:47  SCV  
  48  4:53  SCV  
  48  4:59  Supply Depot, SCV  
  50  5:04  Hellion x2  
  54  5:13  Battlecruiser  
  60  5:16  SCV  
  60  5:17  SCV  
  62  5:24  Supply Depot  
  62  5:33  SCV x2  
  62  5:35  Hellion x2  
  64  5:47  Armory  
  64  5:48  Supply Depot  
  64  5:51  SCV x2  
  64  5:56  Hellion x2  
  70  6:18  Hellion x2  
  74  6:38  Battlecruiser  
  74  6:39  Hellion x2  
  55  7:00  Hellion x2  
  59  7:02  Weapon Refit  
  59  7:22  Hellion x2  
  63  7:32  Orbital Command  
  63  7:43  Hellion x2  
  58  8:22  Hellion x2  
  62  8:41  Battlecruiser  
  62  8:43  Hellion x2  
  70  9:05  Hellion x2  
  74  9:20  SCV x2  
  76  9:40  Hellion  
Tags
 
Matchup
TvZ
Player
DRG
Spawn Locations
Cross Positions
Add a new tag
Caveats
  • Supply blocks, unpowered buildings, or Contaminate may cause inaccurate times.
  • Supply counts are checked every 10 seconds.